 Dungeon Crawl Stone Soup version 0.18-a0-1577-gf591c28 (webtiles) character file.

19 Sargon the Firebug (level 2, 0/20 HPs)
             Began as a Hill Orc Fire Elementalist on Mar 18, 2016.
             Slain by an adder (3 damage)
             ... on level 1 of the Dungeon.
             The game lasted 00:06:00 (980 turns).

Sargon the Firebug (Hill Orc Fire Elementalist)      Turns: 980, Time: 00:06:00

Health: 0/20       AC:  3    Str: 10    XL:     2   Next: 75%
Magic:  0/4        EV: 12    Int: 15    God:
Gold:   48         SH:  0    Dex: 11    Spells: 1 memorised, 3 levels left

rFire  . . .     SeeInvis .     (no weapon)
rCold  . . .     Gourm    .     a - +0 robe
rNeg   . . .     Faith    .     (no shield)
rPois  .         Spirit   .     d - +0 helmet
rElec  .         Dismiss  .     (no cloak)
rCorr  +         Reflect  .     (no gloves)
SustAt .         Harm     .     (no boots)
MR     .....                    (no amulet)
Stlth  ++........               (no ring)
                                i - ring of resist corrosion

@: lethally poisoned (0 -> -8), very slightly contaminated, not resistant to
hostile enchantments, unstealthy
A: no striking features
a: no special abilities


You were on level 1 of the Dungeon.
You were hungry.

You visited 1 branch of the dungeon, and saw 2 of its levels.

You collected 48 gold pieces.

Inventory:

Missiles
 n - 7 javelins of penetration (quivered)
Armour
 a - a +0 robe (worn)
 d - a +0 helmet (worn)
Jewellery
 i - a ring of resist corrosion (left hand)
Scrolls
 f - a scroll of identify {unknown}
 g - a scroll of remove curse {unknown}
 h - a scroll of enchant weapon {unknown}
 m - a scroll of magic mapping {unknown}
Potions
 e - 2 potions of curing {unknown}
 j - a potion of degeneration {unknown}
 k - a potion of haste {unknown}
 o - a potion of magic {unknown}
Books
 b - a book of Flames

   Spells                             Type                      Level
   a - Flame Tongue                   Conjuration/Fire             1
   b - Throw Flame                    Conjuration/Fire             2
   c - Conjure Flame                  Conjuration/Fire             3
   d - Inner Flame                    Hexes/Fire                   3
   e - Sticky Flame                   Conjuration/Fire             4
   f - Fireball                       Conjuration/Fire             5
Comestibles
 c - 3 bread rations


   Skills:
 - Level 1.5 Dodging
 - Level 1.5 Stealth
 - Level 1.6 Spellcasting
 - Level 1.0 Conjurations
 + Level 4.2 Fire Magic


You had 3 spell levels left.
You knew the following spells:

 Your Spells              Type           Power        Failure   Level  Hunger
a - Flame Tongue          Conj/Fire      #....        10%         1    ##.....


Dungeon Overview and Level Annotations

Branches:
Dungeon (2/15)

Altars:


Message History

Confirm with . or Enter, or press ? or * to list all spells.
You don't have enough magic to cast that spell.
Unknown command.
You hit the adder but do no damage.
The adder is severely wounded.
* * * LOW HITPOINT WARNING * * *
You feel sick. The adder bites you but does no damage.
You barely miss the adder.
The adder is severely wounded.
* * * LOW HITPOINT WARNING * * *
You feel sick. The adder barely misses you.
The adder bites you but does no damage.
You hit the adder but do no damage.
The adder is severely wounded.
The adder completely misses you.
You closely miss the adder.
The adder is heavily wounded.
* * * LOW HITPOINT WARNING * * *
You feel sick. The adder bites you.
You die...

♣♣....♣...### #.# #.
♣.P.P♣♣##...### #.## #. ...P♣♣
###...### ####..###. ♣♣P♣♣
###...# #......##. ### ###.#####
#.#.♣♣.♣♣. #.#...####.♣♣♣♣.♣♣♣
##### #.#.#......♣♣PP.PP♣ .♣..#
####...###...♣♣PP...PP ....#
#....@S....#.♣♣P.....P .♣..#
#.##########......⌠... ....#
#####.# #.♣♣P.....P
.♣..####.....# ######.♣♣PP...PP
....##...##### #.......♣♣PP.PP♣
....##>..#########.#####.♣♣♣♣.♣♣♣
....####...##......# #(..♣♣.♣♣.
.##.# ###....###### ###.....#.
.##.# ###..# #...♣.♣.


You could see an adder.

Vanquished Creatures
  4 bats (D:1)
  3 giant cockroaches (D:1)
  5 goblins (D:1)
  A quokka (D:1)
  2 kobolds (D:1)
  2 rats (D:1)
17 creatures vanquished.

Notes
Turn   | Place    | Note
--------------------------------------------------------------
     0 | D:1      | Sargon the Hill Orc Fire Elementalist began the quest for the Orb.
     0 | D:1      | Reached XP level 1. HP: 14/14 MP: 3/3
   205 | D:1      | Reached XP level 2. HP: 20/20 MP: 0/4
   373 | D:1      | Reached skill level 4 in Fire Magic
   980 | D:1      | Slain by an adder

Vault maps used:
D:1:      dpeg_arrival_windows_large_door, serial_forest,
          infiniplex_forest_lined_2, infiniplex_forest_clump_tiny,
          infiniplex_forest_fountain, infiniplex_forest_zigzag_2,
          infiniplex_forest_lined_corner, infiniplex_forest_zigzag_1,
          infiniplex_forest_corner_2, infiniplex_forest_straight_3,
          infiniplex_forest_lined_room_3
D:2:      nicolae_overflow_hidden_temple, fiery_altar_vehumet

Skill      XL: |  1  2 |
---------------+-------+-----
Fire Magic     | 4 |  4.2
Dodging        | |  1.5
Stealth        | |  1.5
Spellcasting   | |  1.6
Conjurations   | |  1.0

Action                   || total
-------------------------++-------
Melee: Unarmed           ||     5
 Cast: Flame Tongue      ||    29
